 Dungeon Crawl Stone Soup version 0.28-a0-1002-gf00fe891ef (webtiles) character file.

Game seed: 2929351302566189188

1913 spiderkeys the Schismatic (level 8, -7/75 HPs)
             Began as a Deep Dwarf Abyssal Knight on Dec 6, 2021.
             Was an Elder of Lugonu.
             Mangled by Duvessa (13 damage)
             ... on level 7 of the Dungeon on Dec 7, 2021.
             The game lasted 00:24:30 (4484 turns).

spiderkeys the Schismatic (DDAK)                    Turns: 4484, Time: 00:24:30

Health: -7/75      AC:  6    Str: 17    XL:     8   Next: 95%
Magic:  11/11      EV: 18    Int: 11    God:    Lugonu [****..]
Gold:   306        SH:  0    Dex: 15    Spells: 7/7 levels left

rFire   . . .      SeeInvis .   a - +0 war axe (venom)
rCold   . . .      Faith    .   (no shield)
rNeg    . . .      Spirit   .   e - +1 leather armour
rPois   .          Reflect  .   n - +2 hat
rElec   .          Harm     .   (no cloak)
rCorr   .          Rampage  .   (no gloves)
Will    +....                   (no boots)
Stlth   ++........              (no amulet)
HPRegen 0.00/turn               E - +4 ring of evasion
MPRegen 0.12/turn               (no ring)

@: no status effects
A: damage resistance, heal wounds, sense surroundings 1, no regeneration
a: Heal Wounds, Renounce Religion, Depart the Abyss, Bend Space, Banish, Corrupt


You were on level 7 of the Dungeon.
You worshipped Lugonu.
Lugonu was greatly pleased with you.
You visited 1 branch of the dungeon, and saw 7 of its levels.
You visited the Abyss 1 time.

You collected 504 gold pieces.
You spent 198 gold pieces at shops.


Innate Abilities, Weirdness & Mutations

You are resistant to damage.
You can heal yourself by infusing magical energy.
You passively map a small area around you.
You do not regenerate.


   Skills:
 + Level 5.6 Fighting
 + Level 3.9 Axes
 - Level 2.0 Staves
 - Level 2.1 Armour
 + Level 6.0 Dodging
 - Level 3.5 Stealth
 + Level 4.7 Necromancy
 + Level 7.5 Invocations


You had 7 spell levels left.
You didn't know any spells.
Your spell library contained the following spells:

 Spells                   Type           Power      Damage    Failure   Level
 Pain                     Necr           40%        1d6       6%          1
 Sublimation of Blood     Necr           10%        N/A       10%         2
 Wereblood                Tmut           0%         N/A       54%         2
 Gell's Gravitas          Tloc           0%         N/A       77%         3
 Teleport Other           Tloc           0%         N/A       77%         3
 Agony                    Necr           10%        N/A       86%         5
 Excruciating Wounds      Necr           5%         N/A       86%         5
 Dispersal                Tloc           0%         N/A       100%        6
 Summon Hydra             Summ           0%         N/A       100%        7

Inventory:

Hand Weapons
 a - a +0 war axe of venom (weapon)
   (You found it on level 6 of the Dungeon)
 b - a +0 hunting sling
   (You found it on level 1 of the Dungeon)
 A - a +1 hand axe
 B - a +2 vorpal broad axe
   (You bought it in a shop on level 6 of the Dungeon)
Missiles
 c - 45 bolts
 g - 112 stones
 m - 12 sling bullets
 u - 18 poisoned darts
Armour
 e - a +1 leather armour (worn)
 n - a +2 hat (worn)
   (You found it on level 2 of the Dungeon)
Magical Staves
 f - a staff of air {!a}
   (You found it on level 1 of the Dungeon)
 l - a staff of death {!a}
   (You found it on level 2 of the Dungeon)
Jewellery
 E - a +4 ring of evasion (left hand)
   (You found it on level 3 of the Dungeon)
 R - a ring of resist corrosion
   (You found it on level 6 of the Dungeon)
Wands
 p - a wand of paralysis (5)
   (You found it on level 3 of the Dungeon)
Scrolls
 d - 2 scrolls of enchant weapon
 k - a scroll of enchant armour
 q - a scroll of blinking {!r}
 s - a scroll of immolation {!r!r}
 w - a scroll of amnesia
 z - 2 scrolls of teleportation {@r4}
Potions
 h - a potion of attraction {!q}
 i - 2 potions of brilliance
 j - 2 potions of magic
 o - a potion of resistance {unknown}
 r - a potion of lignification {unknown}
 t - a potion of mutation {unknown}
 v - 2 potions of curing {@q1}
 x - a potion of heal wounds {@q2}

Dungeon Overview and Level Annotations

Branches:
Dungeon (7/15)             Temple (0/1) D:5

Altars:
Hepliaklqana
Uskayaw
Wu Jian
The Shining One

Shops:
D:3 =   D:6 (

Annotations:
D:2 1 runed translucent door, Crazy Yiuf
D:7 Duvessa, Joseph

* , #
.##### *
##, <... ..
##.## * * ,
#.#..D## ,
#....e@#
.e...#..@##
* e###
##.## * #.#
, #.# *#+#
,** * , **


You could see Joseph (very poisoned), Duvessa (berserk, very poisoned) and an
acid dragon.


Message History

Joseph misses you.
You barely miss Joseph. You hit Duvessa but do no damage.
Duvessa is poisoned.
You hit Dowan.
Dowan is poisoned.
Dowan barely misses you. Joseph closely misses you. Duvessa misses you.
Dowan casts a spell.
Dowan blinks!
Unknown command.
You hit Joseph.
Joseph looks as sick as possible!
You slash Duvessa! Joseph completely misses you. Duvessa closely misses you.
Dowan says, "Magic and the sword, together, will defeat you."
Dowan casts a spell.
Dowan blinks!
You completely miss Joseph. You hit Duvessa but do no damage.
Duvessa looks as sick as possible!
Joseph hits you with a +0 quarterstaff!
* * * LOW HITPOINT WARNING * * *
Duvessa hits you with a +0 rapier.
* * * LOW HITPOINT WARNING * * *
Dowan mumbles some strange words.
Dowan blinks!
Joseph barely misses you. 😨 HP[-11]
You take 11 damage, and now have 29/75 hp.
You hit Joseph but do no damage. You hit Duvessa but do no damage.
Joseph hits you with a +0 quarterstaff!
* * * LOW HITPOINT WARNING * * *
An acid dragon comes into view.
Duvessa completely misses you.
Dowan points at you and mumbles some strange words.
The puff of flame hits you.
* * * LOW HITPOINT WARNING * * *
😱 HP[-13]
You take 13 damage, and now have 16/75 hp.
Found a stone staircase leading up.
Joseph unwields a +0 quarterstaff.
Joseph wields a +0 hunting sling.
Joseph shoots a sling bullet.
The sling bullet hits you!
* * * LOW HITPOINT WARNING * * *
Duvessa closely misses you. 😱 HP[-3]
You take 3 damage, and now have 13/75 hp.
You feel much better. Duvessa hits you with a +0 rapier.
* * * LOW HITPOINT WARNING * * *
Dowan hits you with a +6 dagger of speed.
* * * LOW HITPOINT WARNING * * *
😨 HP[+8]
You regained 8 hp, and now have 21/75 hp.
You feel much better.
Dowan hits you with a +6 dagger of speed!
* * * LOW HITPOINT WARNING * * *
Duvessa completely misses you. 😨 HP[+14]
You regained 14 hp, and now have 35/75 hp.
You feel much better. Dowan completely misses you.
Duvessa hits you with a +0 rapier! Dowan barely misses you. 😮 HP[+18]
You regained 18 hp, and now have 53/75 hp.
Okay, then.
You barely miss Duvessa. You hit the acid dragon. You completely miss Dowan.
The acid dragon spits acid at you. The splash of acid hits you!!
* * * LOW HITPOINT WARNING * * *
Dowan hits you with a +6 dagger of speed!
* * * LOW HITPOINT WARNING * * *
Duvessa misses you. Dowan closely misses you. 😨 HP[-23]
You take 23 damage, and now have 30/75 hp.
MASSIVE DAMAGE!! (PAUSE)
You barely miss Duvessa. You barely miss the acid dragon. You miss Dowan.
The acid dragon completely misses you.
The acid dragon claws you but does no damage.
Duvessa hits you with a +0 rapier!
* * * LOW HITPOINT WARNING * * *
Dowan points at you and mumbles some strange words.
You resist with almost no effort. The acid dragon closely misses you.
The acid dragon claws you but does no damage. 😨 HP[-9]
You take 9 damage, and now have 21/75 hp.
Unknown command.
You closely miss Duvessa. You slash Dowan!
You kill Dowan!
Lugonu accepts your kill.
Duvessa screams, "No!
How DARE you!"
Duvessa goes berserk!
You barely miss the acid dragon. Duvessa hits you with a +0 rapier.
Duvessa misses you. The acid dragon bites you.
The acid dragon claws you but does no damage.
Joseph unwields a +0 hunting sling.
Joseph wields a +0 quarterstaff.
Joseph hits you with a +0 quarterstaff!
* * * LOW HITPOINT WARNING * * *
😱 HP[-8]
You take 8 damage, and now have 13/75 hp.
You fail to use your ability.
Duvessa barely misses you. The acid dragon bites you.
* * * LOW HITPOINT WARNING * * *
The acid dragon barely misses you. Duvessa barely misses you.
Joseph hits you with a +0 quarterstaff!
* * * LOW HITPOINT WARNING * * *
😱 HP[-7]
You take 7 damage, and now have 6/75 hp.
You barely miss Duvessa. You barely miss Joseph.
You closely miss the acid dragon. Duvessa hits you with a +0 rapier!
You die...

Skill      XL: |  1  2  3  4  5  6  7  8 |
---------------+-------------------------+-----
Stealth        | 1 2 3 |  3.5
Invocations    | 3 4 5 6 7 |  7.5
Fighting       | 3 4 5 |  5.6
Dodging        | 2 3 4 6 |  6.0
Staves         | 1 2 |  2.0
Necromancy     | 1 3 4 |  4.7
Axes           | 3 |  3.9
Armour         | |  2.1

Action                   |  1- 3 |  4- 6 |  7- 9 || total
-------------------------+-------+-------+-------++-------
Melee: Hand axe          |    55 |   146 |   149 ||   350
       War axe           |       |       |    67 ||    67
 Fire: Hunting sling     |    42 |    83 |    47 ||   172
Throw: Dart              |       |       |     9 ||     9
Invok: Depart the Abyss  |     1 |       |       ||     1
       Bend Space        |       |       |     4 ||     4
       Banish            |       |       |     2 ||     2
 Abil: Heal Wounds       |     1 |     2 |    13 ||    16
Evoke: Wand              |       |       |     3 ||     3
  Use: Scroll            |     3 |     2 |     6 ||    11
       Potion            |       |     1 |     2 ||     3
 Stab: Sleeping          |       |     3 |       ||     3
       Paralysed         |       |       |    13 ||    13
Armor: Leather armour    |    27 |    41 |    53 ||   121
Dodge: Dodged            |    42 |    93 |   221 ||   356

Levels and vault maps discovered:
D:1:      minmay_arrival_stair_chambers, layout_rooms,
          ebering_ecumenical_altar_sacrificial, chequers_big_river,
          minmay_box_of_dots
D:2:      layout_basic, basic_altar, uniq_crazy_yiuf_cottage, uniq_jessica
D:3:      layout_loops_ring, serial_shops, nicolae_shop_advertising_works
          [nicolae_subvault_shop_adworks], skrybe_limestone_x,
          minmay_diced_spiral
D:4:      layout_basic, kennysheep_cluttered_room
D:5:      layout_rooms, minmay_temple_entry_sparse_star
D:6:      layout_rooms, nicolae_wu_jian_glorious_leap, serial_shops,
          nicolae_shop_bloodbath_and_beyond, st_stairs_8,
          minmay_misc_feat_nine_boxes, hangedman_feature_mirror
D:7:      nzn_winding_woodlands_three_and_one
          [nzn_winding_woodlands_5x15_sawtooth,
          nzn_winding_woodlands_5x15_pockets, nzn_winding_woodlands_5x15_twine,
          nzn_winding_woodlands_center_diamonds], layout_loops_corners,
          nicolae_ossuary_entry_plus, grunt_ministairs_6, uniq_maggie,
          uniq_joseph, uniq_duvessa

Notes
Turn   | Place    | Note
-------+----------+-------------------------------------------
     0 | Abyss:1  | spiderkeys the Deep Dwarf Abyssal Knight began the quest
                  | for the Orb.
     0 | Abyss:1  | Reached XP level 1. HP: 20/20 MP: 2/2
     0 | Abyss:1  | magus.rc [v1.9.10]
    27 | Abyss:1  | Noticed a large abomination
    89 | Abyss:2  | You pick up a book of Blood and begin reading...
    89 | Abyss:2  | You add the spells Sublimation of Blood, Wereblood and
                  | Summon Hydra to your library.
    93 | Abyss:2  | Noticed a small abomination
    97 | Abyss:2  | Noticed a bone dragon
    99 | D:1      | You pass through the gate.
    99 | D:1      | Escaped the Abyss
   128 | D:1      | Found a faded altar of an unknown god.
   164 | D:1      | Reached * piety under Lugonu
   269 | D:1      | Reached XP level 2. HP: 16/27 MP: 4/4
   298 | D:1      | Reached skill level 1 in Stealth
   526 | D:1      | Reached ** piety under Lugonu
   568 | D:1      | Reached skill level 3 in Invocations
   568 | D:1      | Reached XP level 3. HP: 10/33 MP: 5/5
   948 | D:2      | Reached skill level 3 in Fighting
   951 | D:2      | Noticed Jessica
   956 | D:2      | Killed Jessica
   957 | D:2      | Reached skill level 2 in Dodging
   958 | D:2      | Reached skill level 2 in Stealth
   967 | D:2      | Reached XP level 4. HP: 40/42 MP: 6/6
  1171 | D:2      | Found a hazy altar of Hepliaklqana.
  1477 | D:2      | Found a runed translucent door.
  1478 | D:2      | Noticed Crazy Yiuf
  1686 | D:3      | Noticed a scorpion
  1863 | D:3      | Reached XP level 5. HP: 41/49 MP: 7/7
  1910 | D:3      | Reached skill level 1 in Staves
  1911 | D:3      | Reached *** piety under Lugonu
  2030 | D:3      | Reached skill level 3 in Dodging
  2030 | D:3      | Reached skill level 3 in Stealth
  2030 | D:3      | Reached skill level 4 in Invocations
  2172 | D:3      | Found Oppow Itei's Jewellery Emporium.
  2265 | D:3      | Reached XP level 6. HP: 38/56 MP: 9/9
  2537 | D:4      | You add the spells Gell's Gravitas, Teleport Other and
                  | Dispersal to your library.
  2745 | D:4      | Noticed a sky beast
  2756 | D:4      | HP: 12/57 [something (3)]
  2759 | D:4      | Killed a sky beast
  2760 | D:4      | Reached skill level 4 in Fighting
  2760 | D:4      | Reached skill level 2 in Staves
  2829 | D:4      | Reached skill level 1 in Necromancy
  2829 | D:4      | Reached skill level 5 in Invocations
  2829 | D:4      | Reached XP level 7. HP: 28/64 MP: 10/10
  3081 | D:5      | Entered Level 5 of the Dungeon
  3103 | D:5      | Found a staircase to the Ecumenical Temple.
  3136 | D:5      | Reached skill level 4 in Dodging
  3191 | D:5      | Reached **** piety under Lugonu
  3207 | D:5      | Reached skill level 2 in Necromancy
  3214 | D:5      | HP: 12/66 [phantom (5)]
  3219 | D:5      | HP: 10/66 [phantom (2)]
  3226 | D:5      | HP: 8/66 [phantom (1)]
  3240 | D:5      | HP: 4/66 [phantom (4)]
  3506 | D:5      | HP: 16/66 [sky beast (5)]
  3512 | D:5      | HP: 12/66 [something (4)]
  3519 | D:5      | Reached skill level 6 in Invocations
  3589 | D:5      | Upgraded the game from 0.28-a0-998-gb9e9c7b67e to
                  | 0.28-a0-1002-gf00fe891ef
  3589 | D:5      | magus.rc [v1.9.10]
  3651 | D:6      | Reached skill level 3 in Necromancy
  3665 | D:6      | Reached XP level 8. HP: 32/73 MP: 11/11
  3803 | D:6      | Found a glowing golden altar of the Shining One.
  3819 | D:6      | HP: 12/73 [gnoll sergeant (11)]
  3821 | D:6      | Reached skill level 5 in Dodging
  3885 | D:6      | Reached skill level 5 in Fighting
  3994 | D:6      | You pick up a book of Pain and begin reading...
  3994 | D:6      | You add the spells Pain, Agony and Excruciating Wounds to
                  | your library.
  4049 | D:6      | Found Xiduagga's Weapon Boutique.
  4095 | D:6      | Bought a +2 vorpal broad axe for 198 gold pieces
  4192 | D:6      | Found an ornate altar of the Wu Jian Council.
  4294 | D:6      | Reached skill level 3 in Axes
  4294 | D:6      | Reached skill level 4 in Necromancy
  4296 | D:6      | Found a hide-covered altar of Uskayaw.
  4404 | D:7      | Reached skill level 7 in Invocations
  4430 | D:7      | HP: 17/75 [centaur skeleton (4)]
  4440 | D:7      | HP: 15/75 [acid dragon (8)]
  4455 | D:7      | Reached skill level 6 in Dodging
  4462 | D:7      | Noticed Joseph
  4463 | D:7      | Noticed Duvessa
  4463 | D:7      | Noticed Dowan
  4467 | D:7      | HP: 9/75 [Joseph (11)]
  4467 | D:7      | HP: 3/75 [Joseph (6)]
  4475 | D:7      | HP: 16/75 [Dowan/puff of flame (3)]
  4482 | D:7      | Killed Dowan
  4482 | D:7      | HP: 13/75 [Joseph (8)]
  4483 | D:7      | HP: 6/75 [Joseph (6)]
  4484 | D:7      | Mangled by Duvessa

Vanquished Creatures
  A steam dragon (D:7)
  An acid dragon (D:7)
  3 sky beasts
  A centaur (D:7)
  2 phantoms
  3 scorpions
  A wyvern skeleton (D:6)
  Dowan (D:7)
  A howler monkey (D:5)
  A gnoll shaman (D:6)
  An orc priest (D:5)
  2 hounds (D:5)
  A jelly (D:7)
  2 bullfrog skeletons
  Jessica (D:2)
  2 iguanas (D:6)
  3 orc wizards
  7 gnolls
  9 adders
  An ufetubus (D:7)
  2 worms
  4 dart slugs
  9 orcs
  6 bats
  11 endoplasms
  3 giant cockroaches
  9 goblins
  10 hobgoblins
  2 quokkas
  10 ball pythons
  3 frilled lizards
  9 kobolds
  A quokka skeleton (D:3)
  9 rats
132 creatures vanquished.

Vanquished Creatures (collateral kills)
  A hound (D:5)
  A jelly (D:5)
2 creatures vanquished.

Vanquished Creatures (others)
  2 plants (D:1)
2 creatures vanquished.

Grand Total: 136 creatures vanquished

Table legend:
 A = Non-vault XP
 B = Vault XP
 C = Vault XP percentage of total XP
 D = Non-vault monster count
 E = Vault monster count
 F = Vault count percentage of total count
                 A         B        C        D         E       F
            +---------+---------+-------+---------+---------+-------
      Total |    1612 |    1121 |  41.0 |     113 |      23 |  16.9
            +---------+---------+-------+---------+---------+-------
        D:1 |      45 |       6 |  11.8 |      28 |       5 |  15.2
        D:2 |      82 |      37 |  31.1 |      20 |       1 |   4.8
        D:3 |     228 |      21 |   8.4 |      22 |       6 |  21.4
        D:4 |     320 |       0 |   0.0 |      17 |       0 |   0.0
        D:5 |     603 |       0 |   0.0 |      17 |       0 |   0.0
        D:6 |     334 |     364 |  52.1 |       9 |       3 |  25.0
        D:7 |       0 |     693 | 100.0 |       0 |       8 | 100.0
            +---------+---------+-------+---------+---------+-------

Illustrated notes

Table legend:
 A = Kills in this place as a percentage of kills in entire the game.
 B = Kills by you in this place as a percentage of kills by you in the entire game.
 C = Kills by friends in this place as a percentage of kills by friends in the entire game.
 D = Other kills in this place as a percentage of other kills in the entire game.
 E = Experience gained in this place as a percentage of experience gained in the entire game.
 F = Experience gained in this place divided by the number of levels of this place that you have seen.
                   A       B       C       D       E      F
               +-------+-------+-------+-------+-------+----------------------
         Total | 100.0 | 100.0 | 100.0 | 100.0 | 100.0 | 303.7
       Dungeon | 100.0 | 100.0 | 100.0 | 100.0 | 100.0 | 390.4
               +-------+-------+-------+-------+-------+----------------------

Table legend: (Time is in decaauts)
 A = Elapsed time spent in this place.
 B = Non-inter-level travel time spent in this place.
 C = Inter-level travel time spent in this place.
 D = Time resting spent in this place.
 E = Time spent auto-exploring this place.
 F = Levels seen in this place.
 G = Mean time per level.
                   A        B        C        D        E       F      G
               +--------+--------+--------+--------+--------+-----+--------+
         Total |   4595 |   4412 |    183 |      0 |   2985 |   9 |  510.6 |
       Dungeon |   4492 |   4309 |    183 |      0 |   2985 |   7 |  641.7 |
         Abyss |    102 |    102 |      0 |      0 |      0 |   2 |   51.0 |
               +--------+--------+--------+--------+--------+-----+--------+

Top non-repeatable levels by time:
     D:2: 829 daAuts
     D:1: 813 daAuts
     D:6: 748 daAuts
     D:4: 725 daAuts
     D:3: 674 daAuts
     D:5: 553 daAuts
     D:7: 148 daAuts
 Abyss:2: 65 daAuts
 Abyss:1: 36 daAuts
